 Dungeon Crawl Stone Soup version 0.19.1 (webtiles) character file.

4916 Patate the Slicer (level 10, -2/54 (55) HPs)
             Began as a Spriggan Enchanter on Dec 4, 2016.
             Was a Priest of Dithmenos.
             Slain by a hornet (17 damage)
             ... on level 9 of the Dungeon.
             The game lasted 00:31:16 (9683 turns).

Patate the Slicer (Spriggan Enchanter)              Turns: 9683, Time: 00:31:16

HP:   -2/54 (55)    AC:  4    Str:  7    XL:     10   Next: 27%
MP:   10/15         EV: 24    Int: 17    God:    Dithmenos [***...]
Gold: 559           SH:  0    Dex: 17    Spells: 3 memorised, 8 levels left

rFire  + . .     SeeInvis +     r - +2 dagger (elec)
rCold  . . .     Gourm    .     b - +2 robe
rNeg   . . .     Faith    .     (shield restricted)
rPois  .         Spirit   .     y - +0 hat
rElec  .         Reflect  .     (no cloak)
rCorr  .         Harm     .     (gloves unavailable)
MR     +....                    (boots unavailable)
Stlth  ++++++....               D - amulet of regeneration
                                (no ring)
                                v - ring of protection from fire

@: lethally poisoned (-2 -> -2), slowed, wreathed by umbra, quick
A: unfitting armour, see invisible, herbivore 3, speed 3, slow metabolism 2
a: Shadow Step, Renounce Religion


You were on level 9 of the Dungeon.
You worshipped Dithmenos.
Dithmenos was most pleased with you.
You were near starving.

You visited 2 branches of the dungeon, and saw 10 of its levels.

You collected 559 gold pieces.

Inventory:

Hand Weapons
 r - a +2 dagger of electrocution (weapon)
Armour
 b - a +2 robe (worn)
 y - a +0 hat (worn)
Jewellery
 l - an uncursed amulet of magic regeneration
 v - a ring of protection from fire (left hand)
 D - an amulet of regeneration (around neck)
Wands
 B - a wand of enslavement (15/24)
Scrolls
 e - 5 scrolls of fear
 g - 2 scrolls of fog
 h - 2 scrolls of enchant armour
 m - 2 scrolls of amnesia
 n - 3 scrolls of remove curse
 u - 2 scrolls of recharging
 x - 2 scrolls of teleportation
 F - 2 scrolls of enchant weapon
 G - a scroll of vulnerability {unknown}
Potions
 a - 2 potions of haste
 f - 4 potions of agility
 i - 2 potions of might
 k - a potion of ambrosia {unknown}
 o - 3 potions of heal wounds
 p - a potion of curing
 q - 2 potions of lignification {unknown}
 s - a potion of mutation {unknown}
 t - 3 potions of invisibility {unknown}
 w - a potion of magic {unknown}
 z - 3 potions of brilliance {unknown}
 A - 2 potions of berserk rage {unknown}
 C - a potion of resistance {unknown}
 H - 2 potions of flight {unknown}
Books
 c - a book of Maledictions

   Spells                             Type                      Level
   a - Corona                         Hexes                        1
   b - Ensorcelled Hibernation        Hexes/Ice                    2
   c - Confuse                        Hexes                        3
   d - Tukima's Dance                 Hexes                        3
   e - Dazzling Spray                 Conjuration/Hexes            3
 E - a book of Changes

   Spells                             Type                      Level
   a - Beastly Appendage              Transmutation                1
   b - Sticks to Snakes               Transmutation                2
   c - Spider Form                    Transmutation/Poison         3
   d - Ice Form                       Ice/Transmutation            4
   e - Blade Hands                    Transmutation                5
Comestibles
 d - 12 bread rations
 j - 2 slices of pizza


   Skills:
 + Level 7.6 Fighting
 + Level 10.1 Short Blades
 - Level 9.0 Dodging
 - Level 9.1 Stealth
 - Level 2.6 Spellcasting
 - Level 3.6 Hexes


You had 8 spell levels left.
You knew the following spells:

 Your Spells              Type           Power        Failure   Level  Hunger
a - Corona                Hex            ##.....      4%          1    #......
b - Ensorcelled Hibernat  Hex/Ice        #.....       17%         2    ##.....
c - Confuse               Hex            ##......     14%         3    ###....


Dungeon Overview and Level Annotations

Branches:
Dungeon (9/15)             Temple (1/1) D:4             Orc (0/2) D:9
   Lair: D:8-11

Altars:
Ashenzari
Cheibriados
Dithmenos
Elyvilon
Gozag
Hepliaklqana
Kikubaaqudgha
Makhleb
Nemelex Xobeh
Okawaru
Qazlal
Ru
Sif Muna
Trog
Uskayaw
Vehumet
Xom
Yredelemnul
Zin
The Shining One

Shops:
D:5 (


Innate Abilities, Weirdness & Mutations

You are very small and have problems with some larger weapons.
You are too small for most types of armour.
You have supernaturally acute eyesight. (SInv)
You are a herbivore.
You cover ground extremely quickly.
You need consume almost no food.


Message History

You feel as though you will be slow longer.
You hit the crimson imp.
The crimson imp is lightly wounded.
You feel sick. The hornet completely misses you.
The crimson imp completely misses you.
You feel sick. The hornet stings you!
* * * LOW HITPOINT WARNING * * *
You feel as though you will be slow longer.
The crimson imp barely misses you.
You feel sick.
You see here 14 arrows.
The hornet closely misses you.
You feel sick. The shadow imp misses you.
The shadow imp hits you but does no damage.
The hornet completely misses you.
You feel sick.
A crimson imp opens the door.
The shadow imp misses you.
A yak and a phantom come into view.
The crimson imp blinks!
You feel sick. The hornet stings you!
You die...

#.###,*
#*#...#,*
*#.#.#(#,*
*,W#ยง..#,*
*,,5.#.#,*
*,,#...#,*
**,#5#)#,*
**#y..#,*
#@###,*
#.(.#,*
#.#.#,*
#...#,*
#.#,#,*
#..,*,*
#.#,*,*
#.Y,*,*
*,***,*


You could see a yak (wandering), a hornet, a crimson imp and a shadow imp.

Vanquished Creatures
  Psyche (D:8)
  A spriggan (D:7)
  Eustachio (D:6)
  A wyvern (D:8)
  A hungry ghost (D:9)
  2 vampire mosquitoes
  A water moccasin (D:9)
  3 ice beasts (D:8)
  2 sky beasts
  A necrophage (D:6)
  A hornet zombie (D:8)
  3 black bears
  4 ogres
  The ghost of smzp the Skirmisher, an amateur DsAK of Lugonu (D:3)
  3 centaurs
  2 phantoms (D:7)
  5 bullfrogs
  2 scorpions
  4 killer bees (D:8)
  3 wights (D:8)
  2 howler monkeys
  7 crimson imps
  5 hounds
  An orc priest (D:7)
  A bullfrog zombie (D:6)
  2 jellies (D:8)
  4 orc wizards
  A bullfrog skeleton (D:8)
  A centaur skeleton (D:8)
  7 worker ants
  3 hound skeletons
  Robin (D:2)
  4 gnolls (D:6)
  9 adders
  An ooze (D:1)
  3 adder skeletons
  2 worms (D:2)
  3 dart slugs
  3 leopard geckos
  13 orcs
  3 bats
  7 giant cockroaches
  16 goblins
  8 hobgoblins
  20 jackals
  2 quokkas
  5 frilled lizards
  9 kobolds
  A quokka skeleton (D:8)
  A quokka zombie (D:9)
  4 rats
  A spectral orc (D:8)
192 creatures vanquished.

Notes
Turn   | Place    | Note
-------+----------+-------------------------------------------
     0 | D:1      | Patate the Spriggan Enchanter began the quest for the Orb.
     0 | D:1      | Reached XP level 1. HP: 9/9 MP: 5/5
   126 | D:1      | Reached XP level 2. HP: 6/13 MP: 6/6
   347 | D:1      | Learned a level 2 spell: Ensorcelled Hibernation
   463 | D:1      | Reached skill level 5 in Stealth
   810 | D:1      | Reached XP level 3. HP: 10/16 MP: 5/8
  1653 | D:2      | Reached skill level 5 in Dodging
  1766 | D:2      | Reached XP level 4. HP: 14/21 MP: 9/9
  1806 | D:2      | Noticed Robin
  1822 | D:2      | Killed Robin
  2847 | D:3      | Noticed smzp's ghost (amateur DsAK)
  2925 | D:3      | Reached XP level 5. HP: 24/24 MP: 6/10
  2952 | D:2      | Learned a level 3 spell: Confuse
  3001 | D:3      | Killed smzp's ghost
  3440 | D:4      | Reached XP level 6. HP: 28/28 MP: 11/11
  3599 | D:4      | Found a staircase to the Ecumenical Temple.
  3620 | Temple   | Entered the Ecumenical Temple
  3758 | Temple   | Became a worshipper of Dithmenos the Shadowed
  4236 | D:4      | Reached XP level 7. HP: 32/32 MP: 12/12
  4263 | D:4      | Reached skill level 1 in Fighting
  4582 | D:4      | Reached skill level 2 in Short Blades
  4854 | D:5      | Entered Level 5 of the Dungeon
  5015 | D:5      | Found Nayfo's Weapon Shoppe.
  5706 | D:6      | Reached * piety under Dithmenos
  5706 | D:6      | Reached skill level 3 in Short Blades
  5786 | D:6      | Noticed Eustachio
  5789 | D:6      | Killed Eustachio
  5789 | D:6      | Reached skill level 4 in Short Blades
  5789 | D:6      | Reached XP level 8. HP: 39/39 MP: 13/13
  6098 | D:6      | Found a burning altar of Makhleb.
  6569 | D:7      | Reached skill level 5 in Short Blades
  6766 | D:7      | Found a deep blue altar of Sif Muna.
  6769 | D:7      | Found a hide-covered altar of Uskayaw.
  6772 | D:7      | Found a glowing golden altar of the Shining One.
  7006 | D:7      | Reached skill level 6 in Short Blades
  7272 | D:8      | Reached ** piety under Dithmenos
  7520 | D:7      | Reached skill level 5 in Fighting
  7520 | D:7      | Reached XP level 9. HP: 46/46 MP: 7/14
  7603 | D:8      | Reached skill level 7 in Short Blades
  8126 | D:8      | Reached skill level 8 in Short Blades
  8303 | D:8      | Noticed Psyche
  8306 | D:8      | Killed Psyche
  8315 | D:8      | Reached skill level 9 in Short Blades
  8316 | D:8      | Noticed a brown ugly thing
  8318 | D:8      | Noticed a troll
  8382 | D:8      | Found a basalt altar of Yredelemnul.
  8611 | D:7      | HP: 2/48 [acid (7)]
  9088 | D:8      | Reached XP level 10. HP: 54/54 MP: 15/15
  9164 | D:8      | Reached *** piety under Dithmenos
  9570 | D:9      | Reached skill level 10 in Short Blades
  9572 | D:9      | Found a staircase to the Orcish Mines.
  9683 | D:9      | Slain by a hornet

Skill      XL: |  1  2  3  4  5  6  7  8  9 10 |
---------------+-------------------------------+-----
Dodging        | 4 5 6 8 9 |  9.0
Stealth        | 5 6 7 9 |  9.1
Fighting       | 2 5 7 |  7.6
Short Blades   | 4 6 9 10 | 10.1
Spellcasting   | |  2.6
Hexes          | |  3.6

Action                   |  1- 3 |  4- 6 |  7- 9 | 10-12 || total
-------------------------+-------+-------+-------+-------++-------
Melee: Dagger            |   150 |   166 |   281 |    61 ||   658
 Cast: Ensorcelled Hiber |     7 |    11 |    21 |     1 ||    40
       Confuse           |       |     3 |     9 |     3 ||    15
       Corona            |       |     2 |     2 |       ||     4
Evoke: Wand              |       |       |     1 |       ||     1
  Use: Scroll            |     7 |     4 |     4 |     2 ||    17
 Stab: Sleeping          |    13 |    30 |    31 |    10 ||    84
       Distracted        |     1 |     1 |     1 |     1 ||     4
       Confused          |       |     2 |     1 |       ||     3
  Eat: Fruit             |       |     1 |     4 |       ||     5
       Royal jelly       |       |       |     1 |       ||     1
       Pizza             |       |       |     1 |       ||     1
Armor: Robe              |    24 |    13 |    18 |     2 ||    57
Dodge: Dodged            |   109 |   115 |   181 |    33 ||   438
